 Dungeon Crawl Stone Soup version 0.28-a0-845-gfc338a8e3c (webtiles) character file.

Game seed: 11701035135928114846

35 Rennog the Ruffian (level 3, -3/32 (36) HPs)
             Began as a Troll Fighter on Nov 13, 2021.
             Slain by an orc (9 damage)
             ... on level 3 of the Dungeon.
             The game lasted 00:01:13 (1013 turns).

Rennog the Ruffian (Troll Fighter)                  Turns: 1013, Time: 00:01:14

HP:   -3/32 (36)    AC:  4    Str: 24    XL:     3   Next: 16%
MP:   2/2           EV:  8    Int:  4    God:
Gold: 69            SH:  7    Dex: 10    Spells: 2/2 levels left

rFire   . . .      SeeInvis .     - Unarmed
rCold   . . .      Faith    .   b - +0 kite shield
rNeg    . . .      Spirit   .   a - +0 robe
rPois   .          Reflect  .   (helmet restricted)
rElec   .          Harm     .   (no cloak)
rCorr   .          Rampage  .   (gloves unavailable)
Will    .....                   (boots unavailable)
Stlth   +.........              (no amulet)
HPRegen 1.10/turn               (no ring)
MPRegen 0.08/turn               (no ring)

@: heavily drained
A: large, unfitting armour, claws 3, regeneration 1, shaggy fur 1, tough skin 1
a: no special abilities


You were on level 3 of the Dungeon.
You visited 1 branch of the dungeon, and saw 4 of its levels.

You collected 69 gold pieces.

Inventory:

Armour
 a - a +0 robe (worn)
 b - a +0 kite shield (worn)
Scrolls
 d - a scroll of brand weapon {unknown}
Potions
 c - 3 potions of might
 e - a potion of attraction {unknown}


   Skills:
 - Level 2.4 Fighting
 - Level 2.4 Dodging
 - Level 2.4 Shields
 + Level 3.6 Unarmed Combat


You had 2 spell levels left.
You didn't know any spells.
Your spell library contained the following spells:

 Spells                   Type           Power      Damage    Failure   Level
 Animate Skeleton         Necr           0%         N/A       93%         1
 Pain                     Necr           0%         1d4       93%         1
 Vampiric Draining        Necr           0%         2d6       100%        3


Dungeon Overview and Level Annotations

Branches:
Dungeon (4/15)
 Temple: D:4-7

Altars:

Shops:
D:1 [   D:4 !

Annotations:
D:4 Dowan, Duvessa


Innate Abilities, Weirdness & Mutations

You are too large for most types of armour.
You have claws for hands.
Your natural rate of healing is unusually fast.
You are covered in fur. (AC +1)
You have tough skin. (AC +1)


Message History

You are too injured to fight recklessly!
You are too injured to fight recklessly!
There is a fountain of clear blue water here.
There is an entrance to Bitir's Distillery here.
There is a fountain of clear blue water here.
Found a stone staircase leading down.
Dowan gestures wildly while chanting.
Dowan blinks!
You block the orc's attack.
Dowan casts a spell.
Dowan blinks!
A goblin comes into view. It is wielding a +0 club.
The wight hits you with a +0 mace!
You feel drained.
Duvessa says, "My weaknesses are his strengths!"
Found a notched onyx ring and 24 arrows.
The goblin shouts!
Found 11 gold pieces.
Found a scroll labelled TAIKHLIUMAE.
Dowan gestures at you while chanting. The puff of flame hits you!
Duvessa hits you with a +0 short sword!
Dowan casts a spell.
Dowan blinks!
Dowan gestures at Duvessa while chanting.
Duvessa seems to speed up.
The kobold throws a stone.
The stone hits you but does no damage.
The orc throws a boomerang.
The boomerang closely misses you. Duvessa closely misses you.
There is a fountain of clear blue water here.
Dowan casts a spell.
Dowan blinks!
Duvessa hits you with a +0 short sword. Duvessa hits you with a +0 short sword!
* * * LOW HITPOINT WARNING * * *
There is a stone staircase leading up here.
You block Duvessa's attack. The orc completely misses you.
The orc closely misses you.
You climb upwards.
There is a stone staircase leading down here.
You scratch the orc but do no damage. The orc hits you but does no damage.
The orc hits you with a +0 war axe!
You die...

## #. #. #. #
#. #.##.
#....########
#o@o......
##########


You could see 2 orcs.

Vanquished Creatures
  A worm (D:2)
  A dart slug (D:1)
  A ball python (D:2)
  An endoplasm (D:1)
  A giant cockroach (D:1)
  A goblin (D:2)
  3 hobgoblins (D:1)
  5 jackals (D:1)
  4 kobolds
  3 quokkas
  3 bats
  A frilled lizard (D:1)
  A rat (D:1)
26 creatures vanquished.

Notes
Turn   | Place    | Note
-------+----------+-------------------------------------------
     0 | D:1      | Rennog the Troll Fighter began the quest for the Orb.
     0 | D:1      | Reached XP level 1. HP: 22/22 MP: 0/0
   119 | D:1      | Reached XP level 2. HP: 29/29 MP: 1/1
   171 | D:1      | Reached skill level 3 in Unarmed Combat
   214 | D:1      | Found Xisheefa's Antique Armour Emporium.
   786 | D:2      | Reached XP level 3. HP: 36/36 MP: 2/2
   962 | D:2      | You fall into a shaft and drop 2 floors!
   963 | D:4      | Found Bitir's Distillery.
   978 | D:4      | Noticed Dowan
   979 | D:4      | Noticed Duvessa
  1013 | D:3      | Slain by an orc

Illustrated notes

Levels and vault maps discovered:
D:1:      shiori_arrival_elements, layout_basic, serial_shops,
          nicolae_shop_trees, minivault_23, due_unseen_surprise
D:2:      layout_basic, minmay_tromino_v4_b, uniq_jessica
D:3:      layout_loops_ring, ebering_ecumenical_altar_hall, uniq_sigmund
D:4:      layout_rooms, minmay_temple_entry_glass, serial_shops, shop_fountains,
          uniq_duvessa

Skill      XL: |  1  2 |
---------------+-------+-----
Unarmed Combat | 3 |  3.6
Fighting       | |  2.4
Dodging        | |  2.4
Shields        | |  2.4

Action                   || total
-------------------------++-------
Melee: Unarmed           ||    68
Armor: Robe              ||    22
Dodge: Dodged            ||    23
Block: Kite shield       ||    24

Table legend: (Time is in decaauts)
 A = Elapsed time spent in this place.
 B = Non-inter-level travel time spent in this place.
 C = Inter-level travel time spent in this place.
 D = Time resting spent in this place.
 E = Time spent auto-exploring this place.
 F = Levels seen in this place.
 G = Mean time per level.
                   A        B        C        D        E       F      G
               +--------+--------+--------+--------+--------+-----+--------+
         Total |   1023 |   1021 |      2 |      0 |    819 |   4 |  255.8 |
       Dungeon |   1023 |   1021 |      2 |      0 |    819 |   4 |  255.8 |
               +--------+--------+--------+--------+--------+-----+--------+

Top non-repeatable levels by time:
     D:1: 675 daAuts
     D:2: 295 daAuts
     D:4: 51 daAuts
     D:3: 0 daAuts
